 Dungeon Crawl Stone Soup version 0.20-a0-1116-gaa52201 (webtiles) character file.

5223 JeffiDaFish the Basher (level 10, -4/63 HPs)
             Began as a Gargoyle Fighter on May 8, 2017.
             Was an Elder of Okawaru.
             Killed from afar by a starcursed mass (11 damage)
             ... with an accursed screaming
             ... on level 2 of the Abyss.
             The game lasted 00:29:03 (8355 turns).

JeffiDaFish the Basher (Gargoyle Fighter)           Turns: 8355, Time: 00:29:04

Health: -4/63      AC: 37    Str: 21    XL:     10   Next: 61%
Magic:  10/10      EV:  6    Int:  8    God:    Okawaru [****..]
Gold:   646        SH: 11    Dex: 12    Spells: 3/9 levels left

rFire    . . .     SeeInvis .   g - +2 flail (protect)
rCold    + . .     Gourm    .   c - +0 shield
rNeg     + . .     Faith    .   e - +4 plate armour
rPois    ∞         Spirit   .   o - +1 helmet
rElec    +         Reflect  .   v - +2 cloak
rCorr    .         Harm     .   (no gloves)
MR       .....                  (no boots)
Stlth    ..........             (no amulet)
Regen    0.2/turn               d - ring of protection from cold
MPRegen  0.2/turn               (no ring)

@: about to teleport, protection aura
A: mutation resistance 1, negative energy resistance 1, electricity resistance,
unbreathing, petrification resistance, rot immunity, AC +7
a: Heroism, Renounce Religion


You were on level 2 of the Abyss.
You worshipped Okawaru.
Okawaru was greatly pleased with you.
You were not hungry.

You visited 2 branches of the dungeon, and saw 10 of its levels.
You visited the Abyss 1 time.

You collected 646 gold pieces.

Inventory:

Hand Weapons
 g - a +2 flail of protection (weapon)
 w - a +1 antimagic eveningstar
Armour
 c - a +0 shield (worn)
 e - a +4 plate armour (worn)
 o - a +1 helmet (worn)
 v - a +2 cloak (worn)
Jewellery
 d - a ring of protection from cold (left hand)
Scrolls
 a - a scroll of fog
 l - 2 scrolls of teleportation
 n - 3 scrolls of identify
 r - a scroll of magic mapping
 t - a scroll of remove curse
 x - a scroll of amnesia
Potions
 b - 2 potions of brilliance
 i - a potion of flight
 j - a potion of invisibility
 s - 2 potions of curing
Books
 u - a book of Power

   Spells                             Type                      Level
   a - Iskenderun's Battlesphere      Conjuration/Charms           5
   b - Venom Bolt                     Conjuration/Poison           5
   c - Bolt of Magma                  Conjuration/Fire/Earth       5
   d - Iron Shot                      Conjuration/Earth            6
   e - Orb of Destruction             Conjuration                  7
   f - Spellforged Servitor           Conjuration/Summoning        7
Comestibles
 f - 7 bread rations
 h - 4 meat rations
 k - 7 fruits
 m - 3 royal jellies


   Skills:
 + Level 7.3 Fighting
 + Level 10.2 Maces & Flails
 + Level 7.3 Armour
 + Level 1.4 Dodging
 + Level 1.6 Stealth
 + Level 9.1 Shields


You had 3 spell levels left.
You knew the following spells:

 Your Spells              Type           Power        Failure   Level  Hunger
a - Iron Shot             Conj/Erth      #.........   100%        6    #######


Dungeon Overview and Level Annotations

Branches:
Dungeon (9/15)             Temple (1/1) D:4             Orc (0/2) D:9
   Lair: D:8-11

Altars:
Ashenzari
Dithmenos
Fedhas
Gozag
Kikubaaqudgha
Makhleb
Okawaru
Sif Muna
Trog
Uskayaw
Wu Jian
Zin
Beogh

Shops:
D:6 *

Annotations:
D:9 Psyche


Innate Abilities, Weirdness & Mutations

You are resistant to torment.
Your stone body is resilient. (AC +7)
You are immune to poison.
You resist negative energy. (rN+)
You are resistant to electric shocks. (rElec)
You can survive without breathing.
You are immune to petrification.
You are immune to rotting.
You are somewhat resistant to further mutation.


Message History

The starcursed mass completely misses you.
You sock the starcursed mass!
The starcursed mass is moderately damaged.
The starcursed mass shudders and is absorbed by its neighbour.
A starcursed mass splits. x2
A deafening chorus of shrieks assaults your mind!
* * * LOW HITPOINT WARNING * * *
You suddenly lose the ability to move!
The starcursed mass engulfs you but does no damage.
A starcursed mass splits.
A deafening chorus of shrieks assaults your mind!
* * * LOW HITPOINT WARNING * * *
The starcursed mass engulfs you but does no damage.
You can move again.
You thump the starcursed mass!
The starcursed mass is moderately damaged.
The starcursed mass shudders and is absorbed by its neighbour.
You block the starcursed mass's attack.
A deafening chorus of shrieks assaults your mind!
You die...

# . . # # #
.##..# .# .. #
.# ##.. ...
...#.##.# # ..
# ##.. . .
......# ..#.##
# ### . ..#
....
#.####.#.# .#
##X@XX..##.#..
. ##X....# . #
# §#.X.#....
.≈ ..##.##.#.#
# ### .## ## .
#


You could see 5 starcursed masses.

Vanquished Creatures
  The ghost of Akett the Slasher, a novice HaSk of Okawaru (D:6)
  Joseph (D:7)
  A smoke demon (Abyss:2)
  Prince Ribbit (D:7)
  A hippogriff (D:8)
  A wyvern (D:9)
  A hungry ghost (D:9)
  3 orc warriors
  3 sky beasts
  A necrophage (D:8)
  A phantom (D:5)
  2 centaurs
  5 ogres
  A big kobold (D:7)
  4 bullfrogs
  2 scorpions
  8 wights
  4 howler monkeys
  2 crimson imps
  3 bullfrog zombies
  A quasit (D:9)
  7 orc priests
  2 bullfrog skeletons
  A gnoll shaman (D:3)
  2 jellies (D:5)
  5 orc wizards
  3 iguanas
  Terence (D:3)
  5 worker ants
  A hound zombie (D:7)
  2 hound skeletons
  11 gnolls
  14 adders
  A river rat (D:3)
  2 shadow imps
  6 worms
  2 dart slugs
  6 leopard geckos
  42 orcs
  3 ball pythons
  8 giant cockroaches
  5 goblins
  3 hobgoblins
  4 jackals (D:3)
  7 quokkas
  8 bats
  3 frilled lizards
  A jackal skeleton (D:9)
  A jackal zombie (D:5)
  10 kobolds
  9 rats
222 creatures vanquished.

Notes
Turn   | Place    | Note
-------+----------+-------------------------------------------
     0 | D:1      | JeffiDaFish the Gargoyle Fighter began the quest for the Orb.
     0 | D:1      | Reached XP level 1. HP: 14/14 MP: 1/1
   251 | D:1      | Reached XP level 2. HP: 19/19 MP: 2/2
   625 | D:2      | Reached XP level 3. HP: 12/23 MP: 3/3
   853 | D:2      | Reached XP level 4. HP: 3/29 MP: 4/4
  1231 | D:2      | Reached skill level 3 in Maces & Flails
  1714 | D:3      | Gained mutation: You are somewhat resistant to further mutation. [potion of mutation]
  1737 | D:3      | Reached XP level 5. HP: 28/33 MP: 5/5
  1830 | D:3      | Noticed Terence
  1845 | D:3      | Killed Terence
  1882 | D:3      | Reached skill level 1 in Stealth
  2192 | D:3      | Reached XP level 6. HP: 25/38 MP: 6/6
  2269 | D:3      | Reached skill level 4 in Maces & Flails
  2910 | D:4      | Found a staircase to the Ecumenical Temple.
  2920 | Temple   | Entered the Ecumenical Temple
  2936 | Temple   | Became a worshipper of Warmaster Okawaru
  3232 | D:4      | Reached skill level 5 in Shields
  3232 | D:4      | Reached XP level 7. HP: 40/44 MP: 7/7
  3443 | D:4      | Reached skill level 5 in Maces & Flails
  3632 | D:4      | Reached * piety under Okawaru
  3966 | D:5      | Entered Level 5 of the Dungeon
  4068 | D:5      | Reached skill level 5 in Armour
  4123 | D:5      | Reached skill level 6 in Maces & Flails
  4123 | D:5      | Reached XP level 8. HP: 17/48 MP: 8/8
  4228 | D:5      | Reached ** piety under Okawaru
  4228 | D:5      | Reached skill level 5 in Fighting
  4909 | D:6      | Noticed Akett's ghost (novice HaSk)
  4981 | D:6      | Killed Akett's ghost
  4981 | D:6      | Reached skill level 7 in Maces & Flails
  4981 | D:6      | Reached skill level 1 in Dodging
  5023 | D:6      | Found Xienar's General Store.
  5034 | D:6      | Reached XP level 9. HP: 54/54 MP: 9/9
  5194 | D:6      | Found a bloodstained altar of Trog.
  5287 | D:6      | Reached *** piety under Okawaru
  5503 | D:7      | Noticed Joseph
  5521 | D:7      | Killed Joseph
  5521 | D:7      | Received a gift from Okawaru
  5521 | D:7      | Reached skill level 8 in Maces & Flails
  5600 | D:7      | Found an opulent altar of Gozag.
  5899 | D:7      | Noticed Prince Ribbit
  5911 | D:7      | Killed Prince Ribbit
  6150 | D:7      | Reached skill level 9 in Maces & Flails
  6690 | D:8      | Learned a level 6 spell: Iron Shot
  6743 | D:8      | Reached **** piety under Okawaru
  6752 | D:8      | Reached XP level 10. HP: 61/61 MP: 10/10
  7566 | D:9      | Identified a scroll of acquirement
  7768 | D:9      | Found a roughly hewn altar of Beogh.
  7824 | D:9      | Reached skill level 10 in Maces & Flails
  8039 | D:9      | Found a staircase to the Orcish Mines.
  8229 | D:9      | Noticed Psyche
  8238 | D:9      | Cast into level 2 of the Abyss (Psyche)
  8288 | Abyss:2  | Noticed a smoke demon
  8301 | Abyss:2  | Killed a smoke demon
  8316 | Abyss:2  | Noticed a starcursed mass
  8353 | Abyss:2  | Paralysed by accursed screaming for 1 turns
  8355 | Abyss:2  | Killed from afar by a starcursed mass

Vault maps used:
D:1:      sevenhm_arrival_forest_fort_small_4
D:3:      gup_sewer_entry_spiral, uniq_terence
D:4:      minmay_temple_entry_mist
D:5:      first_bread, kennysheep_big_empty_room, minmay_misc_feat_more_columns,
          minmay_misc_feat_roman, st_stairs_1
D:6:      serial_shops, shop_statue, trog_three_pillars_becter
D:7:      lemuel_crystal_altar, uniq_joseph, uniq_prince_ribbit1
D:9:      david_orc_5, serial_shops, shop_coins, uniq_erica, uniq_psyche
Temple:   compressed_dpeg_triangle_lava_temple

Skill      XL: |  1  2  3  4  5  6  7  8  9 10 |
---------------+-------------------------------+-----
Armour         | 4 5 6 7 |  7.3
Maces & Flails | 3 4 6 7 9 10 | 10.2
Stealth        | 1 |  1.6
Shields        | 4 5 7 8 9 |  9.1
Fighting       | 4 5 6 7 |  7.3
Dodging        | 1 |  1.4

Action                   |  1- 3 |  4- 6 |  7- 9 | 10-12 || total
-------------------------+-------+-------+-------+-------++-------
Melee: Flail             |    90 |   224 |   476 |   196 ||   986
       Morningstar       |       |    53 |       |       ||    53
       Eveningstar       |       |       |       |    73 ||    73
  Use: Scroll            |     6 |     6 |     6 |     2 ||    20
       Potion            |     3 |     5 |     1 |     1 ||    10
  Eat: Chunk             |       |     8 |    12 |     8 ||    28
Armor: Scale mail        |     4 |       |       |       ||     4
       Plate armour      |    65 |   215 |   307 |   187 ||   774
Dodge: Dodged            |    15 |    49 |    81 |    50 ||   195
Block: Shield            |    57 |   172 |   242 |   166 ||   637
